 Dungeon Crawl Stone Soup version 0.19-a0-1413-g0059a8f (webtiles) character file.

191 Sixotanaka the Caller (level 5, -4/35 HPs)
             Began as a Vampire Summoner on Sept 4, 2016.
             Killed from afar by an orc wizard (5 damage)
             ... with a puff of flame
             ... on level 3 of the Dungeon.
             The game lasted 00:07:59 (3150 turns).

Sixotanaka the Caller (Vampire Summoner)            Turns: 3150, Time: 00:08:00

Health: -4/35      AC:  2    Str:  7    XL:     5   Next: 41%
Magic:  3/8        EV: 13    Int: 17    God:
Gold:   118        SH:  0    Dex: 16    Spells: 3 memorised, 0 levels left

rFire  . . .     SeeInvis +     k - +1 rapier
rCold  + + .     Gourm    .     a - +0 robe
rNeg   + + .     Faith    .     (no shield)
rPois  +         Spirit   .     (no helmet)
rElec  .         Dismiss  .     (no cloak)
rCorr  .         Reflect  .     (no gloves)
MR     .....     Harm     .     (no boots)
Stlth  +++.......               (no amulet)
                                m - ring of protection from cold
                                h - ring of see invisible

@: regenerating slowly, invisible
A: fangs 3, thin skeletal structure 1, see invisible, dopey 1, unbreathing
a: Bat Form


You were on level 3 of the Dungeon.
You were very thirsty.

You visited 1 branch of the dungeon, and saw 3 of its levels.

You collected 118 gold pieces.


Innate Abilities, Weirdness & Mutations

You heal slowly.
You have razor-sharp teeth.
You have supernaturally acute eyesight. (SInv)
You can survive without breathing.
You have a somewhat thin skeletal structure. (Dex +2, Stealth)
You are dopey. (Int -2)


   Skills:
 - Level 2.1 Dodging
 - Level 3.0 Stealth
 - Level 2.0 Spellcasting
 - Level 6.0 Summonings
 + Level 2.6 Ice Magic


You couldn't memorise any spells.
You knew the following spells:

 Your Spells              Type           Power        Failure   Level  Hunger
a - Summon Small Mammal   Summ           ###.         1%          1    #......
b - Summon Ice Beast      Ice/Summ       ###.....     38%         4    #####..
c - Call Canine Familiar  Summ           ###.....     6%          3    ###....


Dungeon Overview and Level Annotations

Branches:
Dungeon (3/15)

Altars:
Gozag

Annotations:
D:2 Sigmund

Inventory:

Hand Weapons
 k - a +1 rapier (weapon)
   (You found it on level 2 of the Dungeon)
Missiles
 f - a throwing net (quivered) {!f}
Armour
 a - a +0 robe (worn)
Jewellery
 h - a ring of see invisible (left hand)
   (You found it on level 2 of the Dungeon)
 m - a ring of protection from cold (right hand)
   (You found it on level 2 of the Dungeon)
Wands
 j - a wand of flame (20/48)
   (You found it on level 3 of the Dungeon)
Scrolls
 d - a scroll of teleportation {@r4}
 i - 2 scrolls of remove curse {@r2}
 l - a scroll of recharging {unknown}
 n - a scroll of enchant armour {unknown}
Potions
 c - 17 potions of blood {@q0}
 g - a potion of agility {unknown}
Books
 b - a book of Callings
 p - a Grand Grimoire
   (You found it on level 2 of the Dungeon)

.o........####.#....≈≈≈
.S..........##.#...P≈≈#
............##.#....≈≈#
####........##.#....≈≈# .g
)...........##.#....≈≈####
#.h.........##.#....≈≈≈≈≈≈
#.o.........##.#....≈≈≈≈≈≈
...........)...#.....P....
.....(..........@o........
..#....##.....####o..#.## ..
..'....###...#####§..#..## ..
###..........oo..........( #...
....#.......).............. .....
....#...................... (...(
....#...........##......... .....
....#...........##...............
....####........##......(....#...


You could see an orc wizard (invisible) and an orc.


Message History

Orders for allies: a - Attack new target. r - Retreat! s - Stop attacking. g - Guard the area. f - Follow me.
Anything else - Cancel.
Guard this area!
The orc wizard hits your hound with a dagger.
Your hound bites the orc wizard.
Something hits your hound but does no damage.
Your hound closely misses the orc wizard.
The orc wizard gestures at you while chanting.
The magic dart hits you!
* * * LOW HITPOINT WARNING * * *
Aim: an orc wizard, wielding a dagger and wearing a robe (moderately wounded, fast)
The puff of flame misses the orc wizard.
Evoking this partially-identified wand wasted a few charges.
Aim: an orc wizard, wielding a dagger and wearing a robe (moderately wounded, fast)
The puff of flame hits the orc wizard.
Evoking this partially-identified wand wasted a few charges.
Aim: an orc wizard, wielding a dagger and wearing a robe (severely wounded, fast) Really fire in your hound's direction?
The puff of flame misses the orc wizard.
The puff of flame hits your hound.
Evoking this partially-identified wand wasted a few charges.
An orc comes into view. It is wielding a dagger.
The orc shouts!
You puncture the orc wizard!
You kill the orc wizard!
The hound bites you.
* * * LOW HITPOINT WARNING * * *
The hound bites you.
* * * LOW HITPOINT WARNING * * *
You miss the orc wizard. The hound barely misses you.
The orc wizard hits you with a dagger.
* * * LOW HITPOINT WARNING * * *
The hound bites you.
* * * LOW HITPOINT WARNING * * *
The orc wizard barely misses you. The hound barely misses you.
The orc wizard barely misses you. The hound closely misses you.
The hound disappears in a puff of smoke!
It was a potion of lignification.
You feel woody for a moment. The orc wizard barely misses you.
Okay, then.
Unknown command.
It was a potion of invisibility.
You fade into invisibility!
The orc wizard hits you but does no damage.
The orc wizard points at you and mumbles some strange words.
The puff of flame hits you!
You die...

Vault maps used:
D:1:      shiori_arrival_maze
D:2:      uniq_iyjb, uniq_sigmund, uniq_jessica, uniq_natasha
D:3:      lemuel_castle_with_subvaults, grunt_gozag_breadcrumbs

Vanquished Creatures
  A hound (D:3)
  An orc wizard (D:3)
  A gnoll (D:3)
  3 adders
  A dart slug (D:2)
  A giant gecko (D:2)
  4 bats
  A giant cockroach (D:1)
  A goblin (D:1)
  2 hobgoblins
  3 jackals
  A quokka (D:3)
  2 giant newts (D:2)
  2 kobolds
  3 rats
27 creatures vanquished.

Vanquished Creatures (collateral kills)
  Jessica (D:2)
  Ijyb (D:2)
  5 gnolls (D:3)
  An ooze (D:3)
  A worm (D:3)
  3 dart slugs (D:1)
  A giant gecko (D:1)
  A ball python (D:3)
  A giant cockroach (D:2)
  5 goblins
  A hobgoblin (D:1)
  3 jackals
  8 kobolds
  4 bats
  A giant newt (D:2)
  4 rats
41 creatures vanquished.

Grand Total: 68 creatures vanquished

Table legend:
 A = Turns spent in this place as a percentage of turns spent in the entire game.
 B = Non-inter-level travel turns spent in this place as a percentage of non-inter-level travel turns spent in the entire game.
 C = Inter-level travel turns spent in this place as a percentage of turns spent in this place.
 D = Turns resting spent in this place as a percentage of non-inter-level travel turns spent in this place.
 E = Turns spent auto-exploring this place as a percentage of non-inter-level travel turns spent in this place.
 F = Non-inter-level travel turns spent in this place divided by the number of levels of this place that you've seen.
                   A       B       C       D       E      F
               +-------+-------+-------+-------+-------+----------------------
         Total | 100.0 | 100.0 |   0.2 |   8.6 |   9.8 | 339.3
       Dungeon | 100.0 | 100.0 |   0.2 |   8.6 |   9.8 | 339.3
               +-------+-------+-------+-------+-------+----------------------

Table legend:
 A = Kills in this place as a percentage of kills in entire the game.
 B = Kills by you in this place as a percentage of kills by you in the entire game.
 C = Kills by friends in this place as a percentage of kills by friends in the entire game.
 D = Other kills in this place as a percentage of other kills in the entire game.
 E = Experience gained in this place as a percentage of experience gained in the entire game.
 F = Experience gained in this place divided by the number of levels of this place that you have seen.
                   A       B       C       D       E      F
               +-------+-------+-------+-------+-------+----------------------
         Total | 100.0 | 100.0 | 100.0 |  -nan | 100.0 |  91.0
       Dungeon | 100.0 | 100.0 | 100.0 |  -nan | 100.0 |  91.0
               +-------+-------+-------+-------+-------+----------------------

Notes
Turn   | Place    | Note
-------+----------+-------------------------------------------
     0 | D:1      | Sixotanaka the Vampire Summoner began the quest for the Orb.
     0 | D:1      | Reached XP level 1. HP: 13/13 MP: 3/3
   304 | D:1      | Reached XP level 2. HP: 19/19 MP: 1/5
  1186 | D:2      | Reached skill level 5 in Summonings
  1234 | D:2      | Noticed Jessica
  1240 | D:2      | Killed Jessica
  1240 | D:2      | Reached XP level 3. HP: 21/24 MP: 2/6
  1564 | D:2      | Noticed Ijyb
  1567 | D:2      | Noticed Sigmund
  1586 | D:2      | Killed Ijyb
  1586 | D:2      | Reached XP level 4. HP: 30/30 MP: 4/7
  1654 | D:3      | HP: 6/30 [adder (2)]
  1656 | D:3      | Gained mutation: You have a somewhat thin skeletal structure. (Dex +2, Stealth) [potion of mutation]
  1656 | D:3      | Gained mutation: You are dopey. (Int -2) [potion of mutation]
  1845 | D:3      | Found an opulent altar of Gozag.
  2487 | D:3      | Reached skill level 6 in Summonings
  2495 | D:3      | Learned a level 4 spell: Summon Ice Beast
  2664 | D:3      | Reached skill level 1 in Ice Magic
  2664 | D:3      | Reached XP level 5. HP: 23/35 MP: 3/8
  2672 | D:3      | Learned a level 3 spell: Call Canine Familiar
  2924 | D:3      | Reached skill level 2 in Ice Magic
  3140 | D:3      | HP: 6/35 [hound[the player character] (4)]
  3142 | D:3      | HP: 1/35 [hound[the player character] (4)]
  3150 | D:3      | Killed from afar by an orc wizard

Action                   |  1- 3 |  4- 6 || total
-------------------------+-------+-------++-------
Melee: Unarmed           |    19 |       ||    19
       Bite              |     3 |     5 ||     8
       Dagger            |    31 |       ||    31
       Rapier            |    13 |    84 ||    97
 Cast: Summon Small Mamm |    54 |    46 ||   100
       Call Canine Famil |       |     4 ||     4
       Summon Ice Beast  |       |     1 ||     1
Evoke: Wand              |       |     3 ||     3
  Use: Scroll            |     2 |     3 ||     5
       Potion            |     2 |     8 ||    10
 Stab: Distracted        |     2 |     1 ||     3
       Sleeping          |     2 |       ||     2
Armor: Robe              |    19 |    15 ||    34
Dodge: Dodged            |    55 |    97 ||   152
